Map: 2000 Atmospheres LE

Players

Massa

  • Race: Terran Terran
  • League: Platinum

superjink - Winner!

  • Race: Zerg Zerg
  • League: Platinum

VOD

Have the link to the VOD?

Description

Time

  • Played on: April 7, 2021, 5 p.m.
  • Length: 17:00
Show
View Real Time Build Order
Export as new Build Order

Massa Terran 

Build Orders: Reaper Expand 

Get SALT Encoding   

  12  0:00  SCV  
  13  0:12  SCV  
  14  0:19  Supply Depot  
  14  0:24  SCV  
  15  0:41  SCV  
  16  0:44  Barracks  
  16  0:48  Refinery  
  16  0:53  SCV  
  17  1:05  SCV  
  18  1:17  SCV  
  19  1:31  Orbital Command  
  19  1:39  Command Center  
  19  1:43  Reaper  
  20  1:56  SCV  
  20  1:58  Supply Depot  
  21  2:08  SCV  
  21  2:10  Factory  
  21  2:14  Marine  
  23  2:21  SCV  
  24  2:33  SCV  
  25  3:01  Barracks Reactor  
  25  3:02  Factory Reactor  
  25  3:03  Orbital Command  
  25  3:09  Refinery  
  25  3:14  SCV  
  25  3:16  Refinery  
  26  3:20  Engineering Bay  
  26  3:25  Command Center  
  26  3:26  SCV  
  27  3:32  SCV  
  27  3:33  Barracks  
  28  3:38  SCV  
  29  3:42  Marine x2  
  29  3:43  Hellion  
  29  3:44  Hellion  
  35  3:48  Terran Infantry Weapons Level 1  
  35  4:06  Marine x2  
  35  4:07  Hellion x2  
  35  4:08  SCV x2  
  42  4:20  SCV  
  42  4:22  Barracks Tech Lab  
  43  4:25  Barracks  
  43  4:28  Hellion  
  45  4:33  Supply Depot  
  45  4:36  Missile Turret, Supply Depot  
  45  4:37  Hellion  
  47  4:38  SCV  
  47  4:45  Missile Turret  
  48  4:51  Marine x2  
  50  4:54  Stimpack  
  50  4:55  Marine  
  51  5:01  SCV x3  
  54  5:18  Marine x2  
  54  5:20  Widow Mine x2  
  60  5:41  Widow Mine x2  
  64  5:43  Marine x2  
  64  5:46  Barracks Reactor  
  64  5:48  Terran Infantry Armor Level 1  
  66  5:59  SCV x3  
  66  6:01  Marine x2  
  66  6:03  Hellion x2  
  75  6:04  Refinery  
  75  6:07  Starport  
  75  6:11  SCV x2  
  77  6:18  Supply Depot x2  
  77  6:39  SCV  
  78  6:41  Supply Depot  
  78  6:44  Marine x2, Supply Depot  
  78  6:46  Combat Shield  
  80  6:49  Starport Reactor  
  80  6:53  Hellion x2  
  84  7:02  Marine x2  
  82  7:14  Hellion x2  
  78  7:16  SCV x2  
  80  7:28  SCV x2  
  82  7:35  Planetary Fortress  
  82  7:36  Hellion x2  
  86  7:40  SCV  
  86  7:41  SCV  
  86  7:42  Medivac x2  
  92  7:46  Armory  
  92  7:50  Engineering Bay  
  92  7:52  SCV  
  92  7:53  SCV, Command Center  
  92  7:57  Barracks  
  92  7:58  Marine x2  
  94  7:59  Widow Mine x2, Barracks  
  94  8:04  SCV  
  94  8:05  SCV  
  98  8:12  Medivac  
  100  8:16  SCV, Marine  
  100  8:17  SCV  
  103  8:23  Widow Mine x2  
  105  8:40  SCV x3  
  94  8:47  Supply Depot  
  94  8:48  Supply Depot  
  94  8:50  Supply Depot  
  94  8:52  SCV x3  
  97  9:04  Refinery, SCV x2  
  97  9:05  Refinery, SCV, Marauder, Marine x4  
  97  9:08  Barracks Reactor, Barracks Tech Lab  
  106  9:15  Widow Mine  
  106  9:16  Widow Mine  
  110  9:18  Medivac x2  
  110  9:22  Marine  
  110  9:23  Marine x3  
  118  9:24  Terran Infantry Armor Level 2, Terran Infantry Weapons Level 2  
  118  9:26  Marauder, Terran Vehicle And Ship Armor Level 1  
  120  9:37  Widow Mine x2  
  124  9:39  Marine  
  124  9:40  Marine  
  124  9:44  Concussive Shells  
  126  9:48  Marauder, Medivac x2  
  132  9:55  Missile Turret  
  132  9:58  Widow Mine x2, Marauder  
  138  10:01  Planetary Fortress  
  138  10:03  SCV x3  
  141  10:09  Marauder  
  143  10:15  SCV x2  
  143  10:16  SCV  
  143  10:19  Widow Mine  
  148  10:49  Supply Depot  
  148  10:50  SCV, Marine  
  148  10:51  Marauder x2, Supply Depot  
  148  10:52  Marine x2, Supply Depot x2  
  148  10:53  Supply Depot  
  148  10:54  Supply Depot  
  135  11:13  Marauder x2  
  135  11:14  Supply Depot  
  110  11:19  Supply Depot  
  110  11:20  Widow Mine x2, Supply Depot x2  
  110  11:21  Marine x3  
  110  11:22  Marine x3  
  110  11:24  SCV x4  
  119  11:31  Missile Turret  
  119  11:33  Sensor Tower  
  119  11:34  Marauder x2  
  119  11:36  SCV x3  
  119  11:37  SCV, Sensor Tower  
  119  11:39  Marine x3  
  130  11:41  Widow Mine  
  130  11:42  Widow Mine  
  128  11:48  SCV x2  
  128  11:52  SCV x2  
  132  11:55  Marauder  
  132  11:56  Marauder  
  132  12:00  SCV x2  
  138  12:03  Widow Mine x2, Factory  
  138  12:04  SCV x2  
  144  12:11  Sensor Tower  
  144  12:42  Marauder x2, Marine x2  
  144  12:43  Marine x4  
  144  12:44  Widow Mine x2  
  158  12:48  Refinery  
  158  12:49  Refinery, Factory Reactor  
  158  12:53  Barracks  
  158  12:55  Barracks  
  158  13:00  Marine x3  
  158  13:03  Marauder x2  
  158  13:05  Widow Mine x2  
  120  13:46  Widow Mine x4  
  120  13:47  Marauder, Marine  
  120  13:48  Marauder, Marine x7  
  128  14:05  Marine  
  128  14:06  Marine x5  
  128  14:07  Widow Mine x2  
  128  14:09  Marauder x2  
  129  14:16  Barracks Reactor  
  117  14:20  Barracks Reactor  
  110  14:27  Marine  
  110  14:29  Marine x3  
  110  14:30  Marauder, Marine  
  80  15:05  Marine x2  
  80  15:06  Marine x5  
  79  15:08  Widow Mine x2  
  79  15:09  Widow Mine x2  
  87  15:23  Marine x6  
  87  15:24  Marine  
  87  15:30  Widow Mine x2  
  83  15:41  Marine x5  
  62  15:55  Command Center  
  62  16:01  Orbital Command  
  62  16:03  Barracks Reactor  
  62  16:04  Barracks Tech Lab  
  62  16:07  Marauder, Marine x4  
  62  16:10  Widow Mine x2  
  62  16:11  Widow Mine x2  
  76  16:19  Factory  
  76  16:24  Marine  
  76  16:25  Marine x3, Supply Depot x2  
  80  16:26  Supply Depot  
  80  16:28  Marauder  
  80  16:32  Widow Mine x4  
Show
View Real Time Build Order
Export as new Build Order

superjink Zerg - Winner!

Build Orders: Hatch First 

Get SALT Encoding   

  12  0:01  Drone  
  13  0:13  Overlord  
  13  0:17  Drone  
  14  0:31  Drone x2  
  16  0:50  Hatchery  
  16  0:54  Drone  
  17  0:57  Drone  
  17  1:08  Extractor  
  16  1:13  Spawning Pool  
  16  1:18  Drone  
  16  1:19  Drone  
  17  1:26  Drone  
  17  1:30  Drone  
  19  1:42  Overlord  
  19  1:52  Drone  
  20  2:05  Queen x2  
  20  2:06  Zergling x4  
  26  2:13  Metabolic Boost  
  26  2:17  Drone  
  26  2:20  Drone  
  28  2:28  Drone x2  
  29  2:54  Drone x4  
  29  2:57  Overlord  
  29  2:58  Overlord  
  33  3:04  Queen  
  35  3:14  Queen  
  35  3:16  Drone x3  
  40  3:29  Drone  
  40  3:30  Drone  
  40  3:33  Drone  
  43  3:34  Hatchery, Drone  
  43  3:46  Drone x5  
  48  4:05  Extractor  
  48  4:07  Extractor  
  46  4:10  Overlord x2  
  46  4:19  Zergling x10  
  51  4:31  Drone x3  
  54  4:34  Queen  
  56  4:41  Zergling x10  
  61  4:45  Queen  
  61  4:48  Drone  
  61  4:51  Queen  
  66  4:53  Drone x2  
  68  5:08  Zergling x10  
  68  5:14  Overlord  
  73  5:21  Overlord  
  73  5:31  Queen  
  73  5:35  Zergling x12  
  81  5:43  Overlord x3  
  81  5:44  Overlord  
  81  5:47  Overlord x2  
  81  5:58  Overlord x3  
  81  6:06  Drone x3  
  84  6:16  Drone x2  
  84  6:17  Drone  
  78  6:34  Drone x12  
  90  6:40  Extractor  
  90  6:45  Baneling Nest  
  88  6:49  Zergling x2, Evolution Chamber  
  88  6:50  Zergling x4  
  88  6:51  Evolution Chamber  
  89  7:00  Drone x8  
  91  7:10  Hatchery  
  91  7:13  Zergling x2  
  91  7:14  Zergling x10  
  96  7:20  Lair  
  96  7:30  Zerg Melee Weapons Level 1  
  96  7:31  Zerg Ground Armor Level 1  
  96  7:33  Extractor  
  95  7:44  Hatchery  
  95  7:47  Zergling x20  
  103  8:03  Zergling x20  
  112  8:19  Zergling x2  
  116  8:20  Zergling x12  
  116  8:23  Baneling x14  
  116  8:26  Centrifical Hooks  
  119  8:31  Infestation Pit  
  114  8:35  Zergling x4  
  114  8:36  Zergling x12  
  115  8:44  Queen  
  115  8:45  Drone x6  
  123  8:57  Drone x9  
  132  9:06  Zergling x2  
  132  9:07  Zergling x4  
  135  9:13  Overlord x3  
  135  9:16  Overseer  
  135  9:17  Overseer  
  135  9:19  Pneumatized Carapace  
  135  9:20  Zergling x2  
  135  9:21  Zergling x12  
  142  9:29  Zerg Ground Armor Level 2, Zerg Melee Weapons Level 2  
  142  9:31  Hive  
  142  9:40  Zergling x4  
  142  9:41  Zergling x18  
  153  9:45  Hatchery  
  151  9:53  Zergling x22  
  158  10:12  Zergling x22  
  162  10:30  Overseer  
  162  10:32  Zergling x18  
  143  11:13  Zergling x18  
  143  11:14  Zergling x24  
  140  11:20  Queen  
  138  11:44  Zergling x26  
  134  11:52  Overlord  
  134  11:53  Overlord x2  
  127  12:02  Zergling x2  
  127  12:03  Zergling x26  
  127  12:05  Baneling x20  
  141  12:16  Adrenal Glands  
  141  12:17  Zerg Melee Weapons Level 3  
  141  12:18  Zerg Ground Armor Level 3  
  141  12:23  Hatchery  
  141  12:24  Ultralisk Cavern, Zergling x36  
  141  12:26  Zergling x14  
  164  12:35  Zergling x2  
  164  12:36  Zergling x12  
  171  12:52  Zergling x10  
  171  12:53  Zergling x16  
  185  12:58  Zergling x14  
  185  12:59  Zergling x2  
  186  13:31  Zergling x22  
  186  13:32  Zergling x10  
  144  13:47  Zergling x2  
  144  13:48  Zergling x32  
  137  14:03  Zergling x18  
  137  14:08  Queen  
  139  14:17  Zergling x2  
  139  14:18  Zergling x22  
  142  14:32  Zergling x22  
  147  14:50  Zergling x2  
  147  14:51  Zergling x40  
  164  14:58  Overseer  
  158  15:08  Ultralisk  
  158  15:09  Ultralisk x4  
  158  15:11  Overlord x3  
  182  15:27  Zergling x22  
  182  15:28  Zergling x22  
  191  15:33  Ultralisk x2  
  178  15:47  Zergling x2  
  178  15:48  Zergling x42  
  198  16:07  Zergling x2  
Tags
 
Add a new tag
Caveats
  • Supply blocks, unpowered buildings, or Contaminate may cause inaccurate times.
  • Supply counts are checked every 10 seconds.